 Dungeon Crawl Stone Soup version 0.18-a0-1109-gfc003ac (webtiles) character file.

3 4thArraOfDagon the Gusty (level 1, 0/14 HPs)
             Began as a Centaur Air Elementalist on Jan 16, 2016.
             Slain by an ooze (3 damage)
             ... on level 2 of the Dungeon.
             The game lasted 00:01:37 (226 turns).

4thArraOfDagon the Gusty (Centaur Air Elementalist)  Turns: 226, Time: 00:01:37

Health: 0/14       AC:  3    Str: 10    XL:     1   Next: 41%
Magic:  0/3        EV:  8    Int: 14    God:
Gold:   13         SH:  0    Dex:  9    Spells: 1 memorised, 2 levels left

rFire  . . .     SeeInvis .     (no weapon)
rCold  . . .     Gourm    .     e - -2 ring mail (curse)
rNeg   . . .     Faith    .     (no shield)
rPois  .         Spirit   .     (no helmet)
rElec  .         Dismiss  .     (no cloak)
rCorr  .         Reflect  .     (no gloves)
SustAt .         Harm     .     (no barding)
MR     +....                    (no amulet)
Stlth  ..........               (no ring)
                                f - ring of protection from magic

@: very slightly contaminated, very quick, somewhat resistant to hostile
enchantments, extremely unstealthy
A: hooves 3, deformed body, speed 2, tough skin 3
a: no special abilities


You were on level 2 of the Dungeon.
You were not hungry.

You visited 1 branch of the dungeon, and saw 2 of its levels.

You collected 13 gold pieces.

Inventory:

Armour
 a - a +0 robe
 e - a cursed -2 ring mail (worn)
Jewellery
 f - a ring of protection from magic (left hand)
Scrolls
 g - a scroll of enchant weapon {unknown}
 h - a scroll of amnesia {unknown}
Books
 b - a book of Air

   Spells                             Type                      Level
   a - Shock                          Conjuration/Air              1
   b - Swiftness                      Charms/Air                   2
   c - Repel Missiles                 Charms/Air                   2
   d - Static Discharge               Conjuration/Air              3
   e - Lightning Bolt                 Conjuration/Air              5
Comestibles
 c - a bread ration
 d - 4 fruits


   Skills:
 - Level 1.3 Dodging
 - Level 1.2 Stealth
 - Level 1.5 Spellcasting
 * Level 1.1 Conjurations
 * Level 2.8 Air Magic


You had 2 spell levels left.
You knew the following spells:

 Your Spells              Type           Power        Failure   Level  Hunger
a - Shock                 Conj/Air       #...         34%         1    ##.....


Dungeon Overview and Level Annotations

Branches:
Dungeon (2/15)

Altars:
Nemelex Xobeh
Qazlal


Innate Abilities, Weirdness & Mutations

You have hooves in place of feet.
Armour fits poorly on your strangely shaped body.
You cover ground very quickly.
You have extremely tough skin (AC +3).


Message History

Aim: a giant gecko (heavily wounded, clinging)
You miscast Shock.
You are very lightly contaminated with residual magic.
There is a short, sharp shower of sparks.
The giant cockroach waves its antennae.
Unknown command.
Unknown command.
Casting: Shock
Confirm with . or Enter, or press ? or * to list all spells.
Aiming: Shock
Press: ? - help, Shift-Dir - straight line, p - giant gecko The zap misses the giant gecko.
The zap hits the ball python.
You kill the ball python!
The giant gecko closely misses you. The giant gecko barely misses you.
Unknown command.
Unknown command.
You hit the ooze.
The ooze is lightly wounded.
The ooze hits you.
You die...

#/!...# #.......##
#.........# #.........#
#.........# #
#.........# .##
#.........########..!#
#.......†..g†sl......#
##....!....#####@.....#
.......K.....K.J..##.##
##................#
##...........<....#
...................
##.................#
#[...##......)...##
#.##..#..........#
...###S...........


You could see an ooze, a giant gecko, a giant cockroach, a hobgoblin and a
kobold.

Vanquished Creatures
  A bat (D:1)
  A ball python (D:2)
  A giant newt (D:2)
  A rat (D:2)
4 creatures vanquished.

Notes
Turn   | Place    | Note
--------------------------------------------------------------
     0 | D:1      | 4thArraOfDagon the Centaur Air Elementalist began the quest for the Orb.
     0 | D:1      | Reached XP level 1. HP: 14/14 MP: 3/3
    72 | D:1      | Reached skill level 1 in Conjurations
    88 | D:1      | Found a sparkling altar of Nemelex Xobeh.
   161 | D:2      | Found a stormy altar of Qazlal.
   187 | D:2      | 4thArraOfDagon: that ringmail is worse than robe wtf
   226 | D:2      | Slain by an ooze

Vault maps used:
D:1:      dpeg_arrival_signposts, st_stairs_7, minmay_misc_feat_alley,
          nemelex_xobeh_ov_fountains_minmay
D:2:      overflow_temple_1_default, nicolae_qazlal_eye_of_the_storm

Action                   || total
-------------------------++-------
Melee: Unarmed           ||     1
 Cast: Shock             ||     4
  Use: Scroll            ||     1
